 Dungeon Crawl Stone Soup version 0.32-a0-666-ge8a88695a4 (console) character file.

Game seed: 15105185842455619271

1658 jejorda2 the Spear-Bearer (level 9, -1/69 HPs)
             Began as a Coglin Berserker on Mar 9, 2024.
             Was an Elder of Trog.
             Slain by an unseen horror (7 damage)
             ... on level 6 of the Dungeon.
             The game lasted 00:10:43 (5381 turns).

jejorda2 the Spear-Bearer (Coglin Berserker)        Turns: 5381, Time: 00:10:44

Health: -1/69      AC: 10    Str: 22    XL:     9   Next: 0%
Magic:  9/9        EV:  6    Int:  6    God:    Trog [****..]
Gold:   208        SH:  0    Dex: 14    Spells: 8/8 levels left

rFire   . . .        s - +0 spear (heavy) {Cortez}
rCold   . . .        a - +0 spear {Xiuhtonal}
rNeg    . . .        x - +0 plate armour
rPois   .            (no helmet)
rElec   .            (no cloak)
rCorr   .            (no gloves)
SInv    .            (no boots)
Will    .....        (amulet unavailable) Stlth
                     (ring unavailable)
HPRegen 0.31/turn    (ring unavailable)
MPRegen 0.11/turn    (no gizmo)

%: no passive effects
@: revved
A: off-hand wielding, slow wielding, warmup strikes, no jewellery
a: Invent Gizmo, Renounce Religion, Berserk, Trog's Hand, Brothers in Arms


You were on level 6 of the Dungeon.
You worshipped Trog.
Trog was greatly pleased with you.
You visited 1 branch of the dungeon, and saw 6 of its levels.
You also visited: Sewer.

You collected 208 gold pieces.

Inventory:

Hand Weapons
 a - a +0 spear (offhand) {Xiuhtonal}
 s - a +0 heavy spear (weapon) {Cortez}
Missiles
 r - 7 boomerangs (quivered)
 v - 9 poisoned darts
Armour
 x - a +0 plate armour (worn)
Wands
 t - a wand of paralysis (15)
 w - a wand of light (6)
Scrolls
 e - a scroll of revelation {unknown}
 f - a scroll of vulnerability {unknown}
 g - 2 scrolls of fog {unknown}
 i - 3 scrolls of identify {unknown}
 j - 3 scrolls of enchant weapon {unknown}
 m - a scroll of acquirement {unknown}
 p - a scroll of enchant armour {unknown}
 u - a scroll of blinking {unknown}
 y - 2 scrolls of teleportation {unknown}
 A - a scroll of immolation {unknown}
Potions
 b - a potion of heal wounds {unknown}
 c - a potion of cancellation {unknown}
 d - a potion of enlightenment {unknown}
 h - 4 potions of curing {unknown}
 k - a potion of lignification {unknown}
 l - 2 potions of invisibility {unknown}
 n - 3 potions of attraction {unknown}
 o - 3 potions of degeneration {unknown}
 q - 2 potions of resistance {unknown}
 z - a potion of might {unknown}


   Skills:
 - Level 6.0 Fighting
 * Level 9.4 Polearms
 - Level 1.7 Armour
 - Level 1.7 Dodging


You had 8 spell levels left.
You didn't know any spells.
Your spell library was empty.

Dungeon Overview and Level Annotations

Branches:
Dungeon (6/15)             Temple (0/1) D:5           Sewer (visited)

Altars:
Makhleb
Sif Muna

Shops:
D:5 (


Innate Abilities, Weirdness & Mutations

You can wield a second weapon in your off-hand.
It takes a long time for you to wield or remove held weapons.
Your first few attacks do less damage.
You cannot equip rings or amulets.


Message History

You swing at nothing.
You swing at nothing.
Something hits you. Something hits you!
You closely miss something with your +0 heavy spear.
You closely miss something with your +0 spear.
Something hits you.
You closely miss something with your +0 heavy spear.
You closely miss something with your +0 spear.
Something hits you.
You swing at nothing.
You hit something with your +0 heavy spear.
You closely miss something with your +0 spear.
Something hits you but does no damage.
You swing at nothing.
You swing at nothing.
Something hits you but does no damage.
You swing at nothing.
You hit something but do no damage. You hit something with your +0 spear.
Something hits you but does no damage. Something hits you!
You swing at nothing.
You swing at nothing.
Something hits you but does no damage.
You hit something with your +0 spear.
You closely miss something with your +0 heavy spear.
Something hits you!
* * * LOW HITPOINT WARNING * * *
You swing at nothing.
Something hits you.
* * * LOW HITPOINT WARNING * * *
You miss something with your +0 heavy spear.
You miss something with your +0 spear. Something hits you.
* * * LOW HITPOINT WARNING * * *
Something hits you but does no damage.
You closely miss something with your +0 heavy spear.
You closely miss something with your +0 spear.
Something hits you.
* * * LOW HITPOINT WARNING * * *
Something hits you but does no damage.
You hit something with your +0 heavy spear.
You miss something with your +0 spear. Something hits you.
* * * LOW HITPOINT WARNING * * *
You barely miss something with your +0 spear.
You hit something but do no damage. Something hits you!
You die...

##....# ...#
#.#####...#
#.'.#.....#
###.#'#...+
##############.....#
.##
.......#...#.'.....#
#
.......'.....#.....#
.......#...#####{#+#
.......#...'...+@#
#......#####...###
#......'.#.......#
#....###.#'#...#+#
)....#.....#...#
.....'.....##+##
.....#.....#
...#####.#+#
...'...'.#


There were no monsters in sight!

Vanquished Creatures
  Prince Ribbit (D:5)
  Menkaure (D:5)
  An orc warrior (D:5)
  Pargi (Sewer)
  A black bear (D:5)
  An ogre (D:6)
  2 brain worms (Sewer)
  2 scorpions (D:5)
  3 bombardier beetles
  2 orc priests (D:5)
  3 hounds
  2 jellies
  3 iguanas
  2 orc wizards
  11 adders
  7 gnolls
  4 ufetubi (D:6)
  4 dart slugs
  A ribbon worm (D:2)
  10 orcs
  4 endoplasms
  4 giant cockroaches
  8 goblins
  7 hobgoblins
  2 jackals (D:1)
  5 quokkas
  7 ball pythons
  4 bats
  12 kobolds
  9 rats
124 creatures vanquished.

Notes
Turn   | Place    | Note
-------+----------+-------------------------------------------
     0 | D:1      | jejorda2 the Coglin Berserker began the quest for the Orb.
     0 | D:1      | Reached XP level 1. HP: 18/18 MP: 1/1
   130 | D:1      | Reached skill level 3 in Polearms
   149 | D:1      | Reached XP level 2. HP: 24/24 MP: 2/2
   637 | D:1      | Reached XP level 3. HP: 29/29 MP: 3/3
   904 | D:2      | Reached ** piety under Trog
  1217 | D:2      | Reached XP level 4. HP: 35/37 MP: 4/4
  1574 | D:3      | Reached skill level 4 in Polearms
  1863 | D:3      | Reached XP level 5. HP: 23/42 MP: 5/5
  2204 | D:3      | Found a shimmering blue altar of Sif Muna.
  2491 | D:4      | Found a burning altar of Makhleb.
  2496 | D:4      | Found a glowing drain.
  2553 | D:4      | Reached skill level 5 in Polearms
  2553 | D:4      | Reached XP level 6. HP: 49/49 MP: 6/6
  2574 | Sewer    | Entered a sewer
  2589 | Sewer    | Noticed Pargi
  2593 | Sewer    | Killed Pargi
  2596 | Sewer    | Identified the maw talisman of Starshine {rPois rF+ rN+}
  2658 | Sewer    | Reached skill level 5 in Fighting
  2683 | Sewer    | Reached skill level 6 in Polearms
  2683 | Sewer    | Reached XP level 7. HP: 46/56 MP: 5/7
  2721 | Sewer    | Reached *** piety under Trog
  3519 | D:5      | Entered Level 5 of the Dungeon
  3591 | D:5      | Noticed Menkaure
  3599 | D:5      | Killed Menkaure
  3634 | D:5      | Reached skill level 7 in Polearms
  3759 | D:5      | Found a staircase to the Ecumenical Temple.
  3792 | D:5      | Found Enuc's Weapon Shop.
  3811 | D:5      | Reached XP level 8. HP: 29/64 MP: 8/8
  4137 | D:5      | Reached skill level 8 in Polearms
  4155 | D:5      | Noticed Prince Ribbit
  4166 | D:5      | Killed Prince Ribbit
  4548 | D:5      | Reached skill level 9 in Polearms
  4899 | D:6      | Reached **** piety under Trog
  5167 | D:6      | Reached XP level 9. HP: 65/69 MP: 9/9
  5381 | D:6      | Slain by an unseen horror

Illustrated notes

Levels and vault maps discovered:
D:1:      kilobyte_arrival_exit_the_forest, layout_rooms, nicolae_titane
D:2:      layout_rooms, chequers_big_river, grunt_ministairs_7,
          kennysheep_generic_room_11
D:3:      layout_basic, mainiacjoe_overflow_catwalk, serial_glass,
          glass_columns_a, glass_columns_c, feat_on_display, item_on_display_a,
          item_on_display_a, due_unseen_surprise
D:4:      layout_gridville, mainiacjoe_overflow_small_starburst,
          gup_sewer_entry_glass, roderic_roman_lattice, serial_bayou_pond_d
D:5:      layout_loops_cross, minmay_temple_entry_nine_rooms, serial_shops,
          nicolae_shop_bloodbath_and_beyond, uniq_menkaure, uniq_prince_ribbit1
D:6:      nicolae_cairo_tiling_large, layout_gridville, serial_co_window_serial,
          co_window_corner_a, co_window_corner_a, co_window_of_opportunity_a,
          co_window_paths_a, co_window_of_opportunity_a, co_window_paths_a,
          co_window_paths_a, co_window_broadway_a, co_window_paths_c,
          co_window_corner_b, co_window_corner_b, co_window_paths_d,
          glass_columns_b, glass_columns_b, corexii_item_surrounded_by_moat

Skill      XL: |  1  2  3  4  5  6  7  8 |
---------------+-------------------------+-----
Polearms       | 3 4 5 6 7 9 |  9.4
Fighting       | 4 5 6 |  6.0
Armour         | |  1.7
Dodging        | |  1.7

Action                     |  1- 3 |  4- 6 |  7- 9 || total
---------------------------+-------+-------+-------++-------
  Melee: Spear             |    78 |   137 |   344 ||   559
         Dagger            |    57 |    65 |       ||   122
 Invoke: Berserk           |       |     2 |       ||     2
 Armour: Leather armour    |     3 |       |       ||     3
         Chain mail        |    40 |    50 |    29 ||   119
         Plate armour      |       |       |   102 ||   102
  Dodge: Dodged            |    25 |    27 |    33 ||    85

Table legend: (Time is in decaauts)
 A = Elapsed time spent in this place.
 B = Non-inter-level travel time spent in this place.
 C = Inter-level travel time spent in this place.
 D = Time resting spent in this place.
 E = Time spent auto-exploring this place.
 F = Levels seen in this place.
 G = Mean time per level.
                   A        B        C        D        E       F      G
               +--------+--------+--------+--------+--------+-----+--------+
         Total |   5389 |   5282 |    107 |    195 |   4220 |   7 |  769.9 |
       Dungeon |   5141 |   5034 |    107 |    158 |   4071 |   6 |  856.8 |
         Sewer |    248 |    248 |      0 |     37 |    149 |   1 |  248.0 |
               +--------+--------+--------+--------+--------+-----+--------+

Top non-repeatable levels by time:
     D:5: 1123 daAuts
     D:3: 1003 daAuts
     D:1: 875 daAuts
     D:4: 800 daAuts
     D:6: 714 daAuts
     D:2: 623 daAuts
   Sewer: 248 daAuts
